 Dungeon Crawl Stone Soup version 0.27-a0-1502-g47ed6a6988 (webtiles) character file.

Game seed: 10598792359736591936

26532 Lanoc the Gelid (level 12, -16/74 HPs)
             Began as a Demonspawn Ice Elementalist on July 8, 2021.
             Was a High Priest of Makhleb.
             Killed from afar by an efreet (34 damage)
             ... with a fireball
             ... on level 14 of the Dungeon.
             The game lasted 00:27:29 (15046 turns).

Lanoc the Gelid (Demonspawn Ice Elementalist)      Turns: 15046, Time: 00:27:30

Health: -16/74     AC:  4    Str:  9    XL:     12   Next: 99%
Magic:  24/24      EV: 20    Int: 20    God:    Makhleb [*****.]
Gold:   605        SH:  6    Dex: 20    Spells: 8/15 levels left

rFire    . . .     SeeInvis .   F - +11 dagger "Yxtypn" {vorpal, Dex+5}
rCold    . . .     Faith    .   (no shield)
rNeg     . . .     Spirit   .   H - +2 robe {Will+}
rPois    +         Reflect  .   (no helmet)
rElec    .         Harm     .   (no cloak)
rCorr    .         Rampage  .   (no gloves)
Will     +....                  (boots unavailable)
Stlth    ++........             A - amulet of regeneration
HPRegen  1.22/turn              y - ring of magical power
MPRegen  0.19/turn              B - ring of poison resistance

@: no status effects
A: talons 3, large bone plates 2, demonic guardian 2
a: Renounce Religion, Minor Destruction, Lesser Servant of Makhleb, Major
Destruction, Greater Servant of Makhleb


You were on level 14 of the Dungeon.
You worshipped Makhleb.
Makhleb was extremely pleased with you.
You visited 2 branches of the dungeon, and saw 15 of its levels.

You collected 673 gold pieces.
You spent 68 gold pieces at shops.

Inventory:

Hand Weapons
 F - the +11 dagger "Yxtypn" (weapon) {vorpal, Dex+5}
   (You found it on level 6 of the Dungeon)

   It inflicts extra damage upon your enemies.
   Dex:       It affects your dexterity (+5).
Missiles
 r - 11 curare-tipped darts
Armour
 H - a +2 robe of willpower (worn)
Jewellery
 y - a ring of magical power (left hand)
 A - an amulet of regeneration (around neck)
 B - a ring of poison resistance (right hand)
 L - a +4 ring of protection
Wands
 a - a wand of flame (17)
 p - a wand of charming (11)
 w - a wand of digging (9)
 C - a wand of acid (6)
 G - a wand of polymorph (3)
 J - a wand of mindburst (12)
 K - a wand of iceblast (5)
Scrolls
 d - a scroll of enchant armour {unknown}
 g - 2 scrolls of fear {unknown}
 h - a scroll of vulnerability {unknown}
 l - 2 scrolls of brand weapon {unknown}
 n - 2 scrolls of magic mapping {unknown}
 o - a scroll of teleportation
 s - 2 scrolls of immolation
 t - a scroll of noise {unknown}
 u - 3 scrolls of enchant weapon
 E - 3 scrolls of amnesia
Potions
 b - 4 potions of lignification
 c - a potion of ambrosia
 e - 3 potions of haste
 f - 4 potions of might
 i - 2 potions of flight
 j - 2 potions of berserk rage
 k - 3 potions of resistance
 m - 4 potions of curing
 q - a potion of invisibility
 v - 2 potions of mutation
 x - a potion of brilliance
 z - 2 potions of attraction
 D - 2 potions of magic
 I - 2 potions of heal wounds


   Skills:
 + Level 11.8 Dodging
 - Level 1.7 Stealth
 - Level 2.0 Spellcasting
 * Level 16.0 Ice Magic


You had 8 spell levels left.
You knew the following spells:

 Your Spells              Type           Power      Damage    Failure   Level
a - Freeze                Ice            100%       1d11      1%          1
b - Frozen Ramparts       Ice            100%       1d12      1%          3
c - Ozocubu's Armour      Ice            60%        N/A       1%          3

Your spell library contained the following spells:

 Spells                   Type           Power      Damage    Failure   Level
 Ensorcelled Hibernation  Hex/Ice        68%        N/A       1%          2
 Hailstorm                Conj/Ice       34%        3d9       6%          4
 Summon Ice Beast         Ice/Summ       34%        N/A       6%          4
 Corona                   Hex            2%         N/A       16%         1
 Foxfire                  Conj/Fire      8%         2x1d4     16%         1
 Magic Dart               Conj           8%         1d3       16%         1
 Pain                     Necr           8%         1d4       16%         1
 Searing Ray              Conj           4%         3d3       24%         2
 Slow                     Hex            2%         N/A       24%         2
 Confusing Touch          Hex            2%         N/A       43%         3
 Conjure Flame            Conj/Fire      2%         6-21      43%         3
 Inner Flame              Hex/Fire       2%         N/A       43%         3
 Portal Projectile        Hex/Tloc       4%         N/A       43%         3
 Tukima's Dance           Hex            2%         N/A       43%         3
 Airstrike                Air            1%         N/A       83%         4
 Fulminant Prism          Conj/Hex       1%         3d6       83%         4
 Leda's Liquefaction      Hex/Erth       1%         N/A       83%         4
 Summon Lightning Spire   Summ/Air       2%         N/A       83%         4
 Agony                    Necr           2%         N/A       99%         5
 Blade Hands              Tmut           1%         N/A       99%         5
 Bolt of Magma            Conj/Fire/Erth 1%         4d4       99%         5
 Excruciating Wounds      Necr           1%         N/A       99%         5
 Lightning Bolt           Conj/Air       1%         1d12      99%         5
 Summon Mana Viper        Hex/Summ       2%         N/A       99%         5
 Yara's Violent Unravell  Hex/Tmut       1%         3d3       99%         5
 Statue Form              Tmut/Erth      1%         N/A       100%        6
 Monstrous Menagerie      Summ           1%         N/A       100%        7
 Chain Lightning          Conj/Air       1%         3d1       100%        9
 Fire Storm               Conj/Fire      1%         7d1       100%        9


Dungeon Overview and Level Annotations

Branches:
Dungeon (14/15)            Temple (1/1) D:5            Lair (0/6) D:8
    Orc (0/2) D:12
 Vaults: D:13-14

Altars:
Ashenzari
Cheibriados
Dithmenos
Fedhas
Gozag
Hepliaklqana
Makhleb
Nemelex Xobeh
Okawaru
Ru
Sif Muna
Trog
Uskayaw
Wu Jian
Xom
The Shining One

Shops:
D:2 *   D:5 *   D:8 **   D:12 [


Innate Abilities, Weirdness & Mutations

You have claws for feet.
You are mostly covered in large bone plates. (SH +6)
A demonic guardian rushes to your aid.


Message History

The wall freezes the +7 long sword but does no damage.
The +7 long sword hits you.
You closely miss the +7 long sword.
You claw the +7 long sword, but do no damage.
The +7 long sword is almost destroyed.
Your sun demon hits the +7 long sword but does no damage.
The +7 long sword completely resists.
The wall freezes the +7 long sword but does no damage.
The +7 long sword hits you!
Your sun demon hits the +7 long sword!
The +7 long sword falls from the air.
Makhleb accepts your kill.
The frozen ramparts melt away.
Your sun demon disappears in a puff of smoke!
An efreet comes into view.
It is wielding a +3 scimitar of flaming.
Your icy armour will break if you move.
Continue? [Y]es or [N]o only, please.
Your icy armour will break if you move.
Continue? [Y]es or [N]o only, please.
Your icy armour will break if you move.
Continue?
Okay, then.
Your icy armour will break if you move.
Continue? [Y]es or [N]o only, please.
Your icy armour will break if you move.
Continue? [Y]es or [N]o only, please.
Your icy armour will break if you move.
Continue?
Your icy armour cracks and falls away as you move.
The efreet hits you with a +3 scimitar of flaming!!
A demonic guardian appears!
The efreet burns you. The efreet gestures at you.
The fireball explodes!
The fireball engulfs you!!!
Ouch! That really hurt!
* * * LOW HITPOINT WARNING * * *
The fireball engulfs your sun demon.
Your sun demon completely resists.
The fireball engulfs the efreet.
The efreet completely resists.
Your sun demon hits the efreet.
The efreet is engulfed in flames.
The efreet completely resists.
The efreet gestures at you.
The fireball explodes!
The fireball engulfs you!!
You die...

####..#### #.....
##..#..#..######....
#...#')#.....##....##
#.............#.....#
#..<..........#....## #
#..........)..#..○..#.#.
#......##...###.R.......
#......##...###.3.......
#...........†#@.........
#.......................
#......##...#).........#
#......######..#####...#
#....... ##... #### ..
..... .....# #.....+
##....#


You could see an efreet (ally target) and a friendly sun demon (summoned).

Vanquished Creatures
  2 boulder beetles
  Erica (D:9)
  A centaur warrior (D:13)
  A dancing weapon (D:14)
  5 two-headed ogres
  A death knight (D:11)
  A tengu warrior (D:13)
  Nergalle (D:11)
  A deep elf pyromancer (D:13)
  2 cyclopes (D:13)
  A manticore (D:11)
  2 gargoyles
  An efreet (D:14)
  An unseen horror (D:13)
  A kobold demonologist (D:9)
  A troll (D:12)
  A komodo dragon (D:10)
  6 slime creatures (D:12)
  A water elemental (D:11)
  3 shadows
  2 wraiths
  3 yaks
  A vampire (D:11)
  4 humans
  2 basilisks
  4 wyverns
  Edmund (D:5)
  6 vampire mosquitoes
  A warg (D:12)
  An acid dragon (D:13)
  5 water moccasins
  5 orc warriors
  A hornet zombie (D:8)
  An ice beast (D:7)
  2 black bears
  A necrophage (D:8)
  4 ogres
  4 centaurs
  11 kobold brigands (D:9)
  2 bullfrogs (D:6)
  A scorpion (D:8)
  A gnoll sergeant (D:5)
  Dowan (D:7)
  A water moccasin skeleton (D:5)
  A wyvern skeleton (D:7)
  6 killer bees (D:8)
  2 howler monkeys (D:11)
  5 electric eels
  A bullfrog zombie (D:6)
  3 centaur zombies
  A jelly (D:5)
  A hound (D:5)
  A bullfrog skeleton (D:5)
  5 orc priests
  A centaur skeleton (D:7)
  2 gnoll shamans
  Ijyb (D:3)
  2 iguanas (D:4)
  5 orc wizards
  3 hound skeletons
  4 howler monkey zombies
  Robin (D:4)
  12 gnolls
  3 adders
  2 shadow imps
  A white imp (D:5)
  An ufetubus (D:6)
  An adder skeleton (D:4)
  2 worms
  A dart slug (D:2)
  33 orcs
  3 bats
  3 endoplasms
  4 giant cockroaches
  20 goblins
  8 hobgoblins
  12 jackals
  2 quokkas
  8 ball pythons
  4 frilled lizards
  A goblin skeleton (D:5)
  A goblin zombie (D:5)
  2 hobgoblin zombies (D:5)
  10 kobolds
  A kobold skeleton (D:5)
  A kobold zombie (D:5)
  An orc zombie (D:5)
  5 rats
286 creatures vanquished.

Vanquished Creatures (collateral kills)
  2 boulder beetles
  A dancing weapon (D:14)
  A two-headed ogre (D:10)
  A phantasmal warrior (D:11)
  2 cyclopes (D:14)
  An ugly thing (D:13)
  A gargoyle (D:11)
  A freezing wraith (D:11)
  A tarantella (shapeshifter) (D:14)
  5 yaks
  Duvessa (D:7)
  A water moccasin (D:8)
  A black bear (D:6)
  An orc priest (D:12)
  3 gnolls (D:5)
23 creatures vanquished.

Vanquished Creatures (others)
  Erolcha (D:13)
  A fungus (D:8)
  17 plants
19 creatures vanquished.

Grand Total: 328 creatures vanquished

Notes
Turn   | Place    | Note
-------+----------+-------------------------------------------
     0 | D:1      | Lanoc the Demonspawn Ice Elementalist began the quest for
                  | the Orb.
     0 | D:1      | Reached XP level 1. HP: 13/13 MP: 3/3
   598 | D:1      | Gained mutation: You are partially covered in large bone
                  | plates. (SH +4) [demonic ancestry]
   598 | D:1      | Reached XP level 2. HP: 18/19 MP: 1/5
   691 | D:1      | Reached skill level 4 in Ice Magic
  1030 | D:1      | Found a faded altar of an unknown god.
  1032 | D:1      | Became a worshipper of Makhleb the Destroyer
  1032 | D:1      | Reached * piety under Makhleb
  1525 | D:2      | Gained mutation: You are mostly covered in large bone
                  | plates. (SH +6) [demonic ancestry]
  1525 | D:2      | Reached XP level 3. HP: 18/24 MP: 3/6
  1598 | D:2      | Found Siymakko's Assorted Antiques.
  1609 | D:2      | Bought a fuming emerald potion for 29 gold pieces
  1708 | D:2      | Found a snail-covered altar of Cheibriados.
  1935 | D:2      | Learned a level 3 spell: Frozen Ramparts
  2562 | D:3      | Reached XP level 4. HP: 29/30 MP: 2/7
  2901 | D:3      | Found a hazy altar of Hepliaklqana.
  2901 | D:3      | Found a snail-covered altar of Cheibriados.
  3067 | D:3      | Noticed Ijyb
  3073 | D:3      | Killed Ijyb
  3147 | D:3      | Reached skill level 5 in Ice Magic
  3309 | D:4      | Gained mutation: A weak demonic guardian rushes to your
                  | aid. [demonic ancestry]
  3309 | D:4      | Reached XP level 5. HP: 28/35 MP: 4/8
  3393 | D:4      | Noticed an ogre
  3402 | D:4      | Killed an ogre
  3503 | D:4      | Reached XP level 6. HP: 40/41 MP: 5/9
  3503 | D:4      | Reached ** piety under Makhleb
  3543 | D:4      | Noticed a water moccasin
  3552 | D:4      | Killed a water moccasin
  3553 | D:4      | Reached skill level 6 in Ice Magic
  3793 | D:4      | Noticed Robin
  3800 | D:4      | Killed Robin
  3969 | D:4      | Gained mutation: A demonic guardian rushes to your aid.
                  | [demonic ancestry]
  3969 | D:4      | Reached XP level 7. HP: 13/46 MP: 6/10
  4491 | D:5      | Entered Level 5 of the Dungeon
  4586 | D:5      | Noticed Edmund
  4604 | D:5      | Reached skill level 7 in Ice Magic
  4605 | D:5      | Killed Edmund
  4766 | D:5      | Reached *** piety under Makhleb
  4893 | D:5      | Found an opulent altar of Gozag.
  4912 | D:5      | Found an opulent altar of Gozag.
  4917 | D:5      | Found an opulent altar of Gozag.
  4928 | D:5      | Found an opulent altar of Gozag.
  4978 | D:5      | Reached skill level 5 in Dodging
  5212 | D:5      | Found Jaockof's General Store.
  5386 | D:5      | Found a staircase to the Ecumenical Temple.
  5400 | D:5      | Reached XP level 8. HP: 22/52 MP: 3/11
  5408 | Temple   | Entered the Ecumenical Temple
  5766 | D:5      | Reached skill level 8 in Ice Magic
  6824 | D:6      | Reached skill level 9 in Ice Magic
  7128 | D:6      | Reached **** piety under Makhleb
  7301 | D:6      | Identified the +11 dagger "Yxtypn" {vorpal, Dex+5}
  7373 | D:7      | Noticed Duvessa
  7375 | D:7      | Noticed Dowan
  7401 | D:7      | Killed Duvessa
  7444 | D:7      | Killed Dowan
  7445 | D:7      | Gained mutation: You have sharp toenails. [demonic
                  | ancestry]
  7445 | D:7      | Reached XP level 9. HP: 55/57 MP: 8/12
  7841 | D:7      | Reached skill level 10 in Ice Magic
  8083 | D:7      | Found a blossoming altar of Fedhas.
  8083 | D:7      | Found a bloodstained altar of Trog.
  8085 | D:7      | Found a shimmering blue altar of Sif Muna.
  8287 | D:8      | Found a staircase to the Lair.
  8312 | D:8      | Reached skill level 11 in Ice Magic
  8337 | D:8      | Gained mutation: You have razor-sharp toenails. [demonic
                  | ancestry]
  8337 | D:8      | Reached XP level 10. HP: 47/63 MP: 4/13
  8520 | D:8      | Identified the +2 buckler of Mousmeismi {Harm Rampage rC+}
  8715 | D:8      | Found Geisaih's Specific Store.
  8715 | D:8      | Found Ownustrom's General Store.
  8718 | D:8      | Reached ***** piety under Makhleb
  8772 | D:8      | Bought a scroll of teleportation for 39 gold pieces
  8864 | D:8      | Found Lumah's Neck Hole.
  9237 | D:9      | Found a sacrificial altar of Ru.
  9407 | D:9      | Reached skill level 12 in Ice Magic
  9441 | D:9      | Noticed Erica
  9455 | D:9      | Killed Erica
 10042 | D:10     | Entered Level 10 of the Dungeon
 10299 | D:10     | Noticed a two-headed ogre
 10311 | D:10     | Killed a two-headed ogre
 10312 | D:10     | Reached skill level 13 in Ice Magic
 10312 | D:10     | Reached XP level 11. HP: 33/68 MP: 14/14
 10369 | D:10     | Noticed a two-headed ogre
 10383 | D:10     | Killed a two-headed ogre
 10659 | D:10     | Noticed a sea snake
 10778 | D:11     | Noticed a death knight
 10778 | D:11     | Noticed a phantasmal warrior
 10979 | D:11     | Killed a phantasmal warrior
 10979 | D:11     | Killed a death knight
 11370 | D:11     | Learned a level 3 spell: Ozocubu's Armour
 11614 | D:11     | Reached skill level 10 in Dodging
 11813 | D:11     | Noticed a two-headed ogre
 11814 | D:11     | Noticed Nergalle
 11838 | D:11     | Killed a two-headed ogre
 11838 | D:11     | Killed Nergalle
 11839 | D:11     | Reached skill level 14 in Ice Magic
 12342 | D:12     | Noticed a two-headed ogre
 12361 | D:12     | Killed a two-headed ogre
 12771 | D:12     | Found a staircase to the Orcish Mines.
 12831 | D:12     | Noticed a boulder beetle
 12865 | D:12     | Killed a boulder beetle
 12866 | D:12     | Gained mutation: You have claws for feet. [demonic
                  | ancestry]
 12866 | D:12     | Reached XP level 12. HP: 64/74 MP: 14/15
 13058 | D:12     | Found Camayqam's Armour Shoppe.
 13339 | D:13     | Noticed a boulder beetle
 13358 | D:13     | Killed a boulder beetle
 13394 | D:13     | Noticed a centaur warrior
 13619 | D:13     | Noticed Erolcha
 13625 | D:13     | Killed Erolcha
 13630 | D:13     | Reached skill level 15 in Ice Magic
 13715 | D:13     | Noticed a centaur warrior
 13716 | D:13     | Noticed a tengu warrior
 13717 | D:13     | Noticed a two-headed ogre
 13717 | D:13     | Noticed a two-headed ogre
 13727 | D:13     | Killed a tengu warrior
 13727 | D:13     | Killed a two-headed ogre
 13729 | D:13     | Killed a centaur warrior
 13732 | D:13     | Killed a two-headed ogre
 13776 | D:13     | Noticed a boulder beetle
 14227 | D:13     | Killed a boulder beetle
 14577 | D:14     | Found a broken altar of Ashenzari.
 14684 | D:14     | Noticed a four-headed hydra
 14867 | D:14     | Noticed a boulder beetle
 14940 | D:14     | Killed a boulder beetle
 14999 | D:14     | Reached skill level 16 in Ice Magic
 15046 | D:14     | Killed from afar by an efreet

Illustrated notes

Levels and vault maps discovered:
D:1:      dpeg_arrival_fog, layout_loops_ring, chequers_ecumenical_altar_twisty
D:2:      cheibrodos_old_hovel, layout_rooms, basic_altar, serial_shops,
          nicolae_shop_overgrown_old_shop
D:3:      layout_rooms, gammafunk_temple_overflow_wave, st_stairs_1, hex_medium,
          uniq_ijyb
D:4:      layout_cave_pools, amcnicky_mini_rare_corridor_liquid, uniq_robin
D:5:      layout_basic, nicolae_tso_besieged_by_evil,
          nicolae_gozag_conspicuous_consumption,
          minmay_temple_entry_gardened_gates, serial_shops,
          nicolae_lakefront_shop, uniq_edmund
D:6:      layout_basic
D:7:      layout_loops_cross, gammafunk_temple_overflow_claw, uniq_duvessa
D:8:      layout_loops_ring, minmay_lair_entry_grove, nicolae_specific_store,
          nicolae_shop_sticking_my_neck_out
D:9:      layout_roguey, hangedman_ru_absence, serial_bayou,
          serial_bayou_shore_a, serial_bayou_shore_b, serial_bayou_ford_a,
          serial_bayou_pond_a, special_room [special_room_kobold], st_stairs_12,
          uniq_erica
D:10:     layout_roguey, serial_aquarium, aquarium_bridge_square
          [aquarium_subvault_wall, aquarium_subvault_window,
          aquarium_subvault_bridge, aquarium_subvault_window],
          aquarium_window_1, aquarium_window_1, aquarium_window_2,
          aquarium_window_fake, aquarium_view_2b, aquarium_view_2a,
          aquarium_pool_side
D:11:     layout_basic, chequers_serial_rivers_micro_e, uniq_nergalle
D:12:     layout_irregular_city, erik_orc_4, serial_shops, nicolae_shop_crystal
D:13:     layout_stronghold, minmay_fractal_squares_5, uniq_erolcha
D:14:     slaughterhouse, layout_gridville, erik_vaults_1, ashenzari_altar_1,
          solitary_fountain
Temple:   eino_temple_lava

Skill      XL: |  1  2  3  4  5  6  7  8  9 10 11 12 |
---------------+-------------------------------------+-----
Dodging        | 2 3 4 5 6 7 9 10 11 | 11.8
Ice Magic      | 4 5 6 7 9 11 13 14 16 | 16.0
Stealth        | |  1.7
Spellcasting   | |  2.0

Action                   |  1- 3 |  4- 6 |  7- 9 | 10-12 || total
-------------------------+-------+-------+-------+-------++-------
Melee: Unarmed           |    27 |     4 |       |       ||    31
       Dagger            |       |    40 |    49 |   268 ||   357
       Spear             |       |    11 |   166 |       ||   177
       Kick              |       |       |    14 |   107 ||   121
 Cast: Freeze            |    64 |    16 |    12 |    37 ||   129
       Frozen Ramparts   |     1 |    13 |    35 |    56 ||   105
       Ozocubu's Armour  |       |       |       |    12 ||    12
Evoke: Wand              |       |       |       |    16 ||    16
  Use: Scroll            |       |       |    11 |     7 ||    18
       Potion            |       |       |       |     2 ||     2
 Stab: Sleeping          |     1 |       |     1 |       ||     2
Armor: Robe              |     8 |     3 |       |    41 ||    52
       Animal skin       |       |       |    44 |     2 ||    46
Dodge: Dodged            |    41 |    38 |   146 |   239 ||   464
Block: Other             |     7 |    26 |    57 |    83 ||   173

Table legend: (Time is in decaauts)
 A = Elapsed time spent in this place.
 B = Non-inter-level travel time spent in this place.
 C = Inter-level travel time spent in this place.
 D = Time resting spent in this place.
 E = Time spent auto-exploring this place.
 F = Levels seen in this place.
 G = Mean time per level.
                   A        B        C        D        E       F      G
               +--------+--------+--------+--------+--------+-----+--------+
         Total |  15114 |  14706 |    408 |    412 |  12046 |  15 | 1007.6 |
       Dungeon |  15112 |  14704 |    408 |    412 |  12046 |  14 | 1079.4 |
        Temple |      1 |      1 |      0 |      0 |      0 |   1 |    1.0 |
               +--------+--------+--------+--------+--------+-----+--------+

Top non-repeatable levels by time:
     D:5: 1586 daAuts
    D:13: 1466 daAuts
     D:1: 1439 daAuts
     D:6: 1368 daAuts
    D:11: 1303 daAuts
     D:4: 1292 daAuts
    D:12: 1156 daAuts
     D:9: 1042 daAuts
     D:2: 937 daAuts
     D:8: 868 daAuts
     D:3: 824 daAuts
    D:10: 802 daAuts
     D:7: 708 daAuts
    D:14: 315 daAuts
  Temple: 1 daAuts
